Map: Imperio eterno EE

Players

MrFercho - Winner!

  • Race: Zerg Zerg
  • League: Silver
  • Spawn Location: 7:00

Shanks

  • Race: Protoss Protoss
  • League: Gold
  • Spawn Location: 1:00

VOD

Have the link to the VOD?

Description

Time

  • Played on: July 4, 2020, 10:22 a.m.
  • Length: 20:43
Show
View Real Time Build Order
Export as new Build Order

MrFercho Zerg - Winner!

Build Orders: Hatch First 

Get SALT Encoding   

  12  0:01  Drone  
  13  0:14  Overlord  
  13  0:20  Drone  
  14  0:33  Drone x2  
  16  0:38  Drone  
  17  0:55  Hatchery  
  16  0:57  Drone  
  17  1:12  Spawning Pool  
  17  1:15  Drone  
  17  1:22  Drone x2  
  19  1:29  Extractor  
  19  1:30  Drone  
  19  1:41  Overlord  
  19  1:52  Drone  
  20  1:59  Queen  
  22  2:03  Zergling x2  
  22  2:08  Drone  
  24  2:11  Queen  
  24  2:13  Drone  
  27  2:19  Drone  
  28  2:30  Drone x2  
  28  2:34  Drone  
  31  2:41  Lair  
  31  2:42  Drone  
  32  2:50  Drone  
  34  2:51  Drone  
  34  2:56  Drone  
  35  3:01  Drone  
  36  3:08  Overlord  
  36  3:19  Roach Warren  
  35  3:26  Queen  
  35  3:27  Evolution Chamber  
  36  3:31  Spine Crawler  
  35  3:35  Drone x2, Spine Crawler, Spore Crawler  
  35  3:46  Overseer  
  35  3:49  Overlord x2  
  35  3:54  Zerg Missile Weapons Level 1  
  35  4:03  Extractor x2  
  33  4:11  Drone x3  
  33  4:12  Drone x2  
  33  4:13  Evolution Chamber, Drone x3  
  33  4:15  Overlord  
  33  4:16  Overlord  
  40  4:21  Roach x2  
  40  4:24  Glial Reconstitution  
  44  4:26  Drone  
  45  4:49  Overlord  
  45  4:50  Drone x5  
  50  5:08  Overlord  
  50  5:09  Overlord  
  50  5:12  Roach x5  
  60  5:27  Extractor, Drone  
  60  5:28  Drone x2  
  62  5:47  Drone x2  
  64  5:51  Drone  
  65  6:05  Hydralisk Den  
  65  6:07  Drone  
  65  6:10  Drone x6  
  71  6:24  Roach x5  
  71  6:25  Hatchery  
  79  6:31  Zerg Missile Weapons Level 2  
  79  6:33  Zerg Ground Armor Level 1  
  79  6:54  Overlord x2  
  79  6:55  Overlord x2  
  79  6:56  Overlord x2  
  79  7:00  Drone x3  
  82  7:17  Hydralisk x4  
  90  7:58  Drone x2  
  90  7:59  Drone x6  
  98  8:15  Overseer  
  98  8:16  Overseer x2  
  98  8:28  Extractor  
  98  8:29  Extractor, Drone x7  
  103  8:54  Hydralisk x10  
  123  8:57  Overlord  
  123  9:07  Drone x4  
  127  9:29  Drone x8  
  127  9:30  Drone  
  136  9:43  Hydralisk  
  136  9:44  Hydralisk x7  
  152  9:46  Overlord x3  
  152  9:47  Hatchery  
  152  9:49  Hatchery, Grooved Spines  
  150  9:56  Infestation Pit  
  149  10:00  Lurker Den  
  149  10:03  Zerg Ground Armor Level 2  
  148  10:38  Hydralisk  
  148  10:39  Hydralisk x10  
  148  10:41  Queen  
  174  11:00  Muscular Augments, Hive  
  172  11:06  Hydralisk x8  
  188  11:16  Spore Crawler  
  188  11:18  Spine Crawler  
  186  11:21  Drone x2  
  186  11:23  Spine Crawler  
  187  11:40  Drone x2  
  187  11:41  Overlord x3  
  187  11:42  Overlord x4  
  187  11:44  Overlord  
  189  11:58  Spore Crawler  
  188  12:02  Spine Crawler  
  188  12:05  Spine Crawler x2  
  185  12:13  Seismic Spines  
  185  12:20  Spire  
  184  12:26  Unknown  
  183  12:30  Extractor  
  183  12:31  Extractor  
  183  12:32  Drone  
  183  12:33  Drone x10  
  183  12:34  Drone x4  
  183  12:35  Drone x2  
  198  12:42  Zergling x2  
  199  12:46  Metabolic Boost  
  199  13:10  Adaptive Talons  
  190  13:17  Spine Crawler  
  190  13:19  Spine Crawler x2  
  168  13:20  Hydralisk x7  
  168  13:21  Hydralisk x9  
  168  13:26  Hydralisk  
  176  13:27  Hydralisk x2  
  116  13:43  Hydralisk x7  
  116  13:44  Hydralisk x11  
  119  14:14  Hydralisk x9  
  108  14:34  Hydralisk x6  
  114  14:38  Zerg Missile Weapons Level 3, Zerg Ground Armor Level 3  
  114  14:47  Hatchery  
  113  14:53  Hydralisk x6  
  113  14:58  Hatchery  
  124  15:30  Greater Spire  
  124  15:34  Extractor  
  123  15:36  Hydralisk x12  
  123  15:37  Extractor  
  146  15:46  Unknown  
  145  15:50  Hatchery  
  145  15:51  Hatchery  
  145  15:53  Hatchery  
  142  16:01  Pneumatized Carapace  
  142  16:03  Hatchery  
  141  16:07  Lurker x6  
  147  16:24  Drone  
  147  16:25  Drone x12  
  160  17:14  Drone x19  
  160  17:15  Drone x10  
  189  17:25  Spine Crawler  
  189  17:26  Spine Crawler  
  189  17:29  Spine Crawler  
  186  17:59  Corruptor x7  
  200  18:19  Zerg Flyer Weapons Level 1  
Show
View Real Time Build Order
Export as new Build Order

Shanks Protoss 

Build Orders: Chargelot Immortal 

Get SALT Encoding   

  12  0:03  Probe  
  13  0:15  Probe  
  13  0:20  Pylon  
  14  0:27  Assimilator  
  14  0:40  Gateway  
  14  0:43  Probe  
  15  0:55  Probe  
  16  1:03  Pylon  
  16  1:08  Probe  
  17  1:20  Probe  
  18  1:27  Zealot  
  18  1:29  Cybernetics Core  
  20  1:42  Gateway  
  20  1:48  Pylon  
  20  1:53  Assimilator  
  20  2:07  Probe  
  20  2:08  Robotics Facility  
  21  2:15  Probe  
  22  2:24  Forge, Probe  
  23  2:32  Stalker  
  25  2:38  Sentry  
  27  2:57  Observer  
  28  3:06  Gateway  
  28  3:13  Photon Cannon  
  28  3:19  Photon Cannon  
  28  3:22  Warp Gate  
  28  3:24  Twilight Council  
  28  3:32  Pylon  
  28  3:34  Probe  
  29  3:45  Immortal  
  29  3:54  Observer  
  33  4:05  Charge  
  33  4:30  Protoss Ground Weapons Level 1  
  33  4:55  Immortal  
  37  5:01  Observer  
  37  5:13  Zealot  
  37  5:14  Stalker x2  
  43  5:34  Gateway  
  43  5:39  Pylon  
  43  5:59  Nexus  
  43  6:01  Pylon  
  43  6:09  Probe  
  44  6:14  Immortal  
  44  6:21  Probe  
  49  6:38  Protoss Ground Armor Level 1  
  49  6:52  Pylon  
  49  6:56  Gateway  
  49  6:57  Gateway  
  49  7:03  Probe  
  50  7:11  Probe  
  50  7:14  Immortal  
  55  7:18  Stalker  
  55  7:19  Probe  
  58  7:40  Zealot x3  
  58  7:43  Zealot  
  66  7:53  Observer  
  67  8:01  Zealot  
  67  8:02  Zealot  
  71  8:07  Sentry  
  71  8:09  Sentry  
  71  8:12  Sentry  
  77  8:15  Zealot  
  79  8:20  Assimilator  
  79  8:23  Pylon  
  79  8:27  Protoss Ground Weapons Level 2  
  79  8:40  Dark Shrine  
  79  9:07  Probe x2  
  81  9:19  Probe x2  
  83  9:29  Assimilator  
  83  9:31  Probe x2  
  84  9:35  Photon Cannon  
  85  9:43  Probe x2  
  87  9:55  Probe  
  87  9:56  Probe  
  87  9:57  Dark Templar x2  
  93  10:07  Pylon  
  93  10:08  Archon  
  93  10:12  Pylon  
  93  10:17  Pylon  
  93  10:22  Probe  
  93  10:24  Pylon  
  93  10:25  Probe  
  95  10:34  Probe  
  96  10:38  Forge, Probe  
  97  10:44  Protoss Ground Armor Level 2  
  97  10:54  Gateway x2  
  97  10:58  Pylon  
  97  11:09  Dark Templar x2  
  97  11:11  Dark Templar x2, Warp Prism, Observer  
  101  11:13  Dark Templar x2  
  101  11:16  Archon x2  
  101  11:17  Archon  
  111  11:52  Dark Templar x2  
  111  11:53  Dark Templar x2  
  119  11:56  Immortal  
  119  11:59  Archon x2  
  123  12:10  Protoss Ground Weapons Level 3  
  123  12:29  Zealot x3  
  129  12:30  Zealot x2  
  133  12:41  Pylon  
  133  12:42  Pylon  
  133  12:44  Pylon  
  133  12:45  Pylon  
  133  12:46  Pylon  
  133  12:53  Photon Cannon  
  133  12:56  Photon Cannon  
  133  13:04  Zealot  
  133  13:05  Zealot x4  
  141  13:06  Zealot x2  
  147  13:13  Zealot  
  121  13:30  Dark Templar x4  
  121  13:34  Archon x2  
  91  13:49  Dark Templar  
  91  13:50  Dark Templar  
  91  13:51  Dark Templar x2  
  91  13:53  Archon  
  91  13:55  Archon  
  75  14:11  Stalker x2  
  75  14:12  Stalker x2  
  45  14:48  Observer  
  45  14:50  Robotics Bay  
  45  14:55  Robotics Facility  
  45  15:05  Nexus  
  45  15:08  Assimilator  
  45  15:12  Assimilator  
  45  15:14  Protoss Ground Armor Level 3  
  45  15:15  Pylon  
  45  15:17  Extended Thermal Lance  
  45  15:41  Colossus x2  
  51  15:49  Stalker x2  
  61  15:57  Photon Cannon  
  61  16:15  Probe x2  
  63  16:33  Colossus  
  69  17:00  Zealot x3  
  69  17:01  Zealot x4  
  79  17:02  Zealot  
  79  17:03  Colossus  
  91  17:45  Stalker x2  
  91  17:46  Nexus  
  91  17:47  Sentry  
  91  17:48  Pylon  
  91  17:49  Sentry  
  99  17:58  Assimilator  
  99  18:02  Assimilator  
  99  18:16  Photon Cannon  
  99  18:21  Stalker  
  99  18:22  Stalker, Zealot  
  99  18:23  Zealot x2  
  99  18:24  Zealot  
  111  18:31  Protoss Shields Level 1  
  111  18:45  Gateway  
  111  18:47  Gateway  
  111  18:57  Probe  
  111  18:58  Probe x2  
  114  19:09  Stalker, Probe  
  117  19:10  Stalker, Probe x2  
  117  19:11  Zealot x2  
  117  19:12  Zealot  
  127  19:30  Immortal  
  131  19:32  Immortal  
  135  19:52  Probe  
  136  19:53  Probe x2  
  136  19:56  Zealot x2  
  136  19:57  Zealot x4  
  139  20:11  Zealot x2  
  139  20:12  Zealot x2  
Tags
 
Matchup
PvZ
Replay Pack
MrFercho
Spawn Locations
Cross Positions
Add a new tag
Caveats
  • Supply blocks, unpowered buildings, or Contaminate may cause inaccurate times.
  • Supply counts are checked every 10 seconds.